AoeStats
← israelbrca

Nomad

505604505Analyzed
4v4 RM · 23d ago on Sep 10, 2026· 52m 9s· 8 players
Game mode
Random Map
Map size
231×231
Population
200
Speed
Normal
Resources
Standard
Victory
Conquest
Starting age
Dark Age
Ending age
Imperial Age
RankedLock teamsTeams togetherTeam positionsShared explorationLock speedFull tech treeHidden civsTurbo modeCheats
Victory
Defeat
🇮🇩 Poles · Indonesia
1148
+11
🇨🇳 Huns · China
985
+18
🇨🇳 Italians · China
981
+18
🇮🇩 Huns · Indonesia
820
+24
🇧🇪 Burmese · Belgium
1082
-20
🇸🇪 Persians · Sweden
1030
-18
🇧🇴 Vietnamese · Bolivia
996
-48
🇹🇼 Burgundians · Taiwan
990
-16
Gautier Sans-Avoir
6:59 Loom
14:18 Feudal Age
14:48 Double-Bit Axe
17:17 Wheelbarrow
19:16 Scale Barding Armor
19:23 Forging
20:51 Bloodlines
25:15 Castle Age
24:32 Horse Collar
27:14 Hand Cart
26:44 Light Cavalry
27:31 Husbandry
30:28 Chain Barding Armor
30:44 Iron Casting
32:55 Fishing Lines
33:37 Fletching
33:46 Stone Mining
34:52 Gold Mining
35:20 Gillnets
35:26 Town Watch
36:49 Bow Saw
37:19 Kamandaran
37:30 Crossbowman
38:09 Fletching
39:42 Bodkin Arrow
39:48 Padded Archer Armor
41:32 Leather Archer Armor
41:46 Masonry
42:33 Thumb Ring
47:44 Imperial Age
44:41 Elite Skirmisher
PAP.Puduh
5:49 Loom
13:59 Feudal Age
15:30 Horse Collar
28:29 Castle Age
27:05 Forging
26:56 Scale Mail Armor
nvda
9:02 Loom
14:45 Feudal Age
13:27 Double-Bit Axe
18:56 Castle Age
18:18 Bow Saw
21:58 Two-Man Saw
21:37 Medium Warships
22:02 Fishing Lines
25:09 Wheelbarrow
26:25 Gillnets
27:46 Gold Mining
30:25 Gold Shaft Mining
29:40 Stone Mining
30:08 Hand Cart
29:42 Horse Collar
33:21 Imperial Age
30:40 Cavalier
31:36 Husbandry
31:10 Light Cavalry
32:11 Forging
32:08 Scale Barding Armor
33:24 Town Watch
33:46 Burgundian Vineyards
34:32 Stone Shaft Mining
34:01 Paladin
35:46 Iron Casting
37:28 Blast Furnace
37:05 Chain Barding Armor
37:44 Hussar
39:38 Town Patrol
40:25 Plate Barding Armor
41:21 Conscription
45:08 Chemistry
45:56 Ballistics
45:18 Treadmill Crane
45:34 Murder Holes
45:25 Arrowslits
46:08 Elite Skirmisher
47:00 Padded Archer Armor
46:51 Fletching
47:02 Scale Mail Armor
48:06 Leather Archer Armor
49:56 Heavy Plow
israelbrca
6:57 Loom
18:28 Feudal Age
25:17 Horse Collar
26:47 Man-at-Arms
卢本伟
6:04 Loom
8:43 Loom
14:12 Feudal Age
20:18 Castle Age
18:53 Stone Mining
30:57 Wheelbarrow
30:45 Gold Mining
30:40 Horse Collar
31:55 Heavy Plow
35:27 Imperial Age
34:00 Hand Cart
35:07 Double-Bit Axe
36:48 Gold Shaft Mining
36:55 Forging
36:51 Scale Barding Armor
37:09 Conscription
37:22 Bloodlines
37:12 Husbandry
37:29 Bow Saw
38:37 Iron Casting
39:40 Chain Barding Armor
39:58 Iron Casting
42:48 Pikeman
43:29 Squires
43:15 Arson
43:12 Man-at-Arms
44:15 Halberdier
45:26 Scale Mail Armor
46:33 Blast Furnace
46:41 Chain Mail Armor
48:56 Plate Barding Armor
50:31 Elite Tarkan
51:38 Marauders
51:04 Light Cavalry
Emanon
3:48 Loom
15:03 Feudal Age
23:36 Castle Age
27:26 Double-Bit Axe
27:29 Horse Collar
30:11 Stone Mining
30:40 Scale Barding Armor
31:20 Gold Mining
32:32 Chain Barding Armor
34:29 Bow Saw
34:31 Heavy Plow
36:02 Wheelbarrow
40:00 Imperial Age
37:51 Marauders
38:56 Caravan
39:26 Coinage
40:21 Masonry
40:42 Elite Tarkan
41:10 Elite Tarkan
41:22 Sappers
42:23 Hand Cart
41:53 Town Watch
44:02 Chemistry
43:39 Plate Barding Armor
42:51 Town Watch
45:55 Banking
45:35 Guilds
45:34 Scale Mail Armor
47:34 Chain Mail Armor
47:20 Padded Archer Armor
48:07 Town Patrol
49:18 Pikeman
49:59 Squires
52:38 Two-Man Saw
钠呐纳卡姆
14:26 Feudal Age
15:00 Fishing Lines
15:12 Double-Bit Axe
16:59 Gold Mining
21:13 Castle Age
22:16 Loom
27:21 Gold Mining
30:59 Stone Mining
31:15 Gillnets
34:28 Imperial Age
32:35 Wheelbarrow
31:48 Town Watch
34:22 Thumb Ring
35:40 Stone Shaft Mining
35:31 Hand Cart
36:13 Town Patrol
37:15 Chemistry
36:30 Horse Collar
37:15 Ballistics
36:19 Elite Skirmisher
37:49 Conscription
37:56 Bloodlines
37:47 Husbandry
38:15 Bow Saw
38:45 Pirotechnia
39:28 Elite Genoese Crossbowman
42:44 Two-Man Saw
42:09 Padded Archer Armor
44:32 Leather Archer Armor
44:08 Fletching
45:02 Bodkin Arrow
45:43 Ring Archer Armor
48:10 Bracer
48:22 Forging
47:55 Light Cavalry
49:01 Hussar
51:53 Iron Casting
51:24 Scale Barding Armor
[LOEL] - Vianella
5:37 Loom
14:12 Feudal Age
14:47 Double-Bit Axe
15:18 Horse Collar
20:52 Castle Age
19:35 Forging
21:49 Husbandry
21:16 Light Cavalry
23:33 Bloodlines
26:09 Wheelbarrow
33:17 Bow Saw
34:40 Heavy Plow
34:57 Szlachta Privileges
37:52 Imperial Age
36:16 Hand Cart
37:51 Scale Barding Armor
41:14 Imperial Age
45:56 Cavalier
Connection lost

Rejoining the realm…

Still unreachable

The connection could not be restored.

Session expired

The server has moved on; the page needs a fresh start.